 Dungeon Sprint DCSS version 0.21-a0-286-g6fcecc0 (webtiles) character file.

279 potatolord6000 the Shield-Bearer (level 6, -15/55 HPs)
             Began as a Formicid Fighter on Sept 27, 2017.
             Was an Initiate of Elyvilon.
             Killed from afar by a deep elf mage (23 damage)
             ... with a bolt of lightning
             ... in the Dungeon (Sprint VII: "The Pits").
             The game lasted 00:02:09 (378 turns).

potatolord6000 the Shield-Bearer (Formicid Fighter)  Turns: 378, Time: 00:02:09

Health: -15/55     AC:  9    Str: 23    XL:     6   Next: 52%
Magic:  10/10      EV: 10    Int:  7    God:    Elyvilon [......]
Gold:   0          SH: 11    Dex: 10    Spells: 5/5 levels left

rFire    . . .     SeeInvis +   a - +0 war axe
rCold    . . .     Gourm    .   c - +0 shield
rNeg     . . .     Faith    .   h - +3 ring mail
rPois    .         Spirit   .   (helmet unavailable)
rElec    .         Reflect  .   (no cloak)
rCorr    .         Harm     .   (no gloves)
MR       .....                  (no boots)
Stlth    ..........             (no amulet)
HPRegen  0.18/turn              (no ring)
MPRegen  0.12/turn              (no ring)

@: drained
A: permanent stasis, dig shafts and tunnels, four strong arms, antennae 3
a: Dig, Renounce Religion


You were in the Dungeon.
You worshipped Elyvilon.
Elyvilon was noncommittal.
You were not hungry.

You visited 1 branch

Inventory:

Hand Weapons
 a - a +0 war axe (weapon)
Armour
 c - a +0 shield (worn)
 h - a +3 ring mail (worn)
Scrolls
 m - 3 scrolls of remove curse
 n - 5 scrolls of amnesia
 o - a scroll of summoning
Potions
 d - a potion of might
 e - 7 potions of curing
 g - 5 potions of heal wounds
 i - 4 potions of magic
 l - 2 potions of invisibility
Comestibles
 f - 8 bread rations
 p - 40 fruits
 q - 7 meat rations


   Skills:
 + Level 7.2(7.1) Fighting
 + Level 6.1(6.0) Axes
 + Level 7.0(6.9) Armour
 + Level 7.8(7.7) Shields
 + Level 5.8(5.7) Invocations


You had 5 spell levels left.
You didn't know any spells.

Dungeon Overview and Level Annotations

Branches:
Dungeon (1/1)

Altars:
Ashenzari
Cheibriados
Dithmenos
Elyvilon
Fedhas
Gozag
Hepliaklqana
Kikubaaqudgha
Makhleb
Nemelex Xobeh
Okawaru
Qazlal
Ru
Sif Muna
Trog
Uskayaw
Vehumet
Wu Jian
Xom
Yredelemnul
Zin
The Shining One
Beogh
Jiyva
Lugonu


Innate Abilities, Weirdness & Mutations

You cannot be hasted, slowed, berserked, paralysed or teleported.
You can dig through walls and to a lower floor.
Your four strong arms can wield two-handed weapons with a shield.
You have a pair of large antennae on your head. (SInv)


Message History

The bolt of lightning misses the jackal.
The jackal barely misses you.
There is an open door here.
You see here a jackal corpse.
Unknown command.
You closely miss the jackal. The jackal barely misses you.
You block the jackal's attack.
Unknown command.
Your ring mail prevents you from hitting the deep elf mage.
The deep elf mage is moderately wounded.
You closely miss the jackal. You block the deep elf mage's attack.
The jackal bites you but does no damage.
You closely miss the deep elf mage.
The deep elf mage is moderately wounded.
You closely miss the jackal. You block the jackal's attack.
You block the deep elf mage's attack.
The jackal bites you but does no damage.
The deep elf mage casts a spell at you. The bolt of lightning hits you!
You die...

#.#...(.#..##.......#
#.####†##'###...<...#
#.#...)....##.......#
#)#........##.......#
#'###########.......#
#.......#.. #########
{ #..#.#..#.#
#.##.##.#h# {
#.......#@#
#.##.##.#e+ {{
#..#.#..#†# {{
#.......'.# {
###########


You could see a deep elf mage and a jackal.

Vanquished Creatures
  Blork the orc (D)
  2 bullfrogs (D)
  A worker ant (D)
  A hell rat (D)
  A mummy (D)
  A gnoll (D)
  An adder zombie (D)
  A leopard gecko (D)
  2 bat zombies (D)
  A giant cockroach (D)
  A goblin (D)
  A hobgoblin (D)
  6 jackals (D)
  A kobold (D)
  A bat (D)
22 creatures vanquished.

Notes
Turn   | Place    | Note
-------+----------+-------------------------------------------
     0 | D        | potatolord6000 the Formicid Fighter began the quest for the Orb.
     0 | D        | Reached XP level 1. HP: 18/18 MP: 1/1
    11 | D        | Noticed a worker ant
    15 | D        | Killed a worker ant
    15 | D        | Reached skill level 5 in Shields
    15 | D        | Reached XP level 2. HP: 21/26 MP: 2/2
    15 | D        | Reached XP level 3. HP: 25/31 MP: 3/3
    43 | D        | Found a bloodstained altar of Trog.
    43 | D        | Found a deep blue altar of Sif Muna.
    43 | D        | Found a viscous altar of Jiyva.
    43 | D        | Found a hazy altar of Hepliaklqana.
    43 | D        | Found an opulent altar of Gozag.
    44 | D        | Found a glowing golden altar of the Shining One.
    44 | D        | Found a glowing silver altar of Zin.
    44 | D        | Found a basalt altar of Yredelemnul.
    44 | D        | Found a shimmering altar of Xom.
    44 | D        | Found an ornate altar of the Wu Jian Council.
    44 | D        | Found a sacrificial altar of Ru.
    44 | D        | Found a stormy altar of Qazlal.
    44 | D        | Found an iron altar of Okawaru.
    44 | D        | Found a sparkling altar of Nemelex Xobeh.
    44 | D        | Found a burning altar of Makhleb.
    44 | D        | Found a blossoming altar of Fedhas.
    44 | D        | Found a white marble altar of Elyvilon.
    44 | D        | Found a shadowy altar of Dithmenos.
    44 | D        | Found a snail-covered altar of Cheibriados.
    46 | D        | Found a radiant altar of Vehumet.
    46 | D        | Found a corrupted altar of Lugonu.
    46 | D        | Found a roughly hewn altar of Beogh.
    48 | D        | Found an ancient bone altar of Kikubaaqudgha.
    48 | D        | Found a hide-covered altar of Uskayaw.
    48 | D        | Found a shattered altar of Ashenzari.
    61 | D        | Became a worshipper of Elyvilon the Healer
   111 | D        | Reached skill level 1 in Invocations
   131 | D        | Reached XP level 4. HP: 38/38 MP: 5/5
   132 | D        | Reached skill level 5 in Fighting
   207 | D        | Noticed a bullfrog
   208 | D        | Noticed a bullfrog
   222 | D        | Killed a bullfrog
   222 | D        | Reached skill level 5 in Armour
   222 | D        | Reached XP level 5. HP: 39/46 MP: 5/7
   226 | D        | Killed a bullfrog
   226 | D        | Reached skill level 5 in Axes
   237 | D        | Reached XP level 6. HP: 39/53 MP: 7/9
   303 | D        | Noticed Blork the orc
   324 | D        | Killed Blork the orc
   324 | D        | Reached skill level 5 in Invocations
   359 | D        | Noticed a deep elf mage
   378 | D        | Killed from afar by a deep elf mage

Vault maps used:
D:        pitsprint

Skill      XL: |  1  2  3  4  5  6 |
---------------+-------------------+-----
Fighting       | 4 5 6 7 |  7.2
Axes           | 3 4 5 6 |  6.1
Armour         | 4 5 6 7 |  7.0
Shields        | 5 6 7 |  7.8
Invocations    | 2 3 4 5 |  5.8

Action                   |  1- 3 |  4- 6 || total
-------------------------+-------+-------++-------
Melee: War axe           |    20 |    74 ||    94
  Use: Potion            |       |     1 ||     1
Armor: Scale mail        |    11 |     1 ||    12
       Ring mail         |       |    25 ||    25
Dodge: Dodged            |    13 |    26 ||    39
Block: Shield            |    11 |    45 ||    56

Table legend:
 A = Spawn XP
 B = Non-spawn XP
 C = Spawn XP percentage of total XP
 D = Spawn monster count
 E = Non-spawn monster count
 F = Spawn count percentage of total count
 G = Total turns spent on level
                    A         B        C        D         E        F      G
               +---------+---------+-------+---------+---------+-------+---------
         Total |       0 |     399 |   0.0 |       0 |      22 |   0.0 |   378
               +---------+---------+-------+---------+---------+-------+---------
             D |       0 |     399 |   0.0 |       0 |      22 |   0.0 |   378
               +---------+---------+-------+---------+---------+-------+---------
